 Dungeon Crawl Stone Soup version 0.31-a0-743-g45f7035092 (webtiles) character file.

Game seed: 18340637180639329246

728 boiyoioing the Chopper (level 7, -1/60 HPs)
             Began as a Gnoll Cinder Acolyte on Sept 8, 2023.
             Was a High Priest of Ignis.
             Slain by an ogre
             ... wielding a +0 giant spiked club
              (9 damage)
             ... on level 5 of the Dungeon on Sept 12, 2023.
             The game lasted 01:04:45 (5067 turns).

boiyoioing the Chopper (Gnoll Cinder Acolyte)       Turns: 5067, Time: 01:04:46

Health: -1/60      AC:  8    Str: 16    XL:     7   Next: 72%
Magic:  0/13       EV: 11    Int: 13    God:    Ignis [*****.]
Gold:   289        SH:  0    Dex:  7    Spells: 3/14 levels left

rFire   + + .        A - +5 scythe (heavy)
rCold   x . .        (shield currently unavailable)
rNeg    . . .        s - +3 ring mail {Will+}
rPois   .            (no helmet)
rElec   .            o - scarf {repulsion}
rCorr   .            (no gloves)
SInv    .            (no boots)
Will    +....        d - amulet of guardian spirit
Stlth   +            t - ring of wizardry
HPRegen 0.30/turn    y - ring of fire
MPRegen 0.13/turn

%: repel missiles, guardian spirit, wizardry (x1)
@: no status effects
A: fangs 1, strong nose, distributed training
a: Renounce Religion, Fiery Armour, Foxfire Swarm, Rising Flame


You were on level 5 of the Dungeon.
You worshipped Ignis.
Ignis was extremely pleased with you.
You visited 1 branch of the dungeon, and saw 5 of its levels.

You collected 289 gold pieces.

Inventory:

Hand Weapons
 a - a -1 hand axe of flaming
 c - a +0 hand axe
 e - a +0 club
 f - a +0 whip
 i - a +0 dagger
 l - a +0 spear
 q - a +0 sling
 r - a +0 whip
 v - a +0 falchion
 A - a +5 heavy scythe (weapon)
 B - a +0 short sword
 F - a +0 flail
 I - a +0 long sword
 J - the +4 short sword "Pirih" {freeze, Contam rF+ Int+4}
   (You found it on level 4 of the Dungeon)

   Int+4:     It affects your intelligence (+4).
   rF+:       It protects you from fire.
   Contam:    It causes magical contamination when unequipped.
 K - a +2 dagger of holy wrath
Missiles
 k - 31 stones
Armour
 b - a +0 robe
 g - a +0 scale mail
 h - a +0 chain mail
 j - a +0 leather armour
 o - a scarf of repulsion (worn)
 s - a +3 ring mail of willpower (worn)
 D - a +1 robe of willpower
Magical Staves
 p - a staff of fire
Jewellery
 d - an amulet of guardian spirit (around neck)
 t - a ring of wizardry (left hand)
 y - a ring of fire (right hand)
 L - a ring of resist corrosion
Wands
 E - a wand of paralysis (8)
Scrolls
 z - a scroll of identify
 G - 2 scrolls of enchant weapon
 M - a scroll of revelation {unknown}
Potions
 m - 3 potions of ambrosia {unknown}
 n - a potion of haste {unknown}
 u - a potion of mutation {unknown}
 w - 2 potions of resistance {unknown}
 x - a potion of lignification {unknown}
 C - 3 potions of heal wounds {unknown}
 H - 2 potions of magic {unknown}


   Skills:
 + Level 7.1 Fighting
 + Level 2.7 Short Blades
 + Level 2.7 Long Blades
 + Level 7.1 Axes
 + Level 2.7 Maces & Flails
 + Level 2.7 Polearms
 + Level 2.7 Staves
 + Level 2.7 Ranged Weapons
 + Level 2.7 Throwing
 + Level 2.7 Armour
 + Level 2.7 Dodging
 + Level 2.7 Stealth
 + Level 2.7 Shields
 + Level 2.7 Unarmed Combat
 + Level 4.0 Spellcasting
 + Level 2.2 Conjurations
 + Level 2.2 Hexes
 + Level 2.2 Summonings
 + Level 2.2 Necromancy
 + Level 2.2 Translocations
 + Level 2.2 Transmutations
 + Level 5.9 Fire Magic
 + Level 2.2 Ice Magic
 + Level 2.2 Air Magic
 + Level 2.2 Earth Magic
 + Level 2.2 Poison Magic
 + Level 3.0 Invocations
 + Level 2.7 Evocations
 + Level 2.4 Shapeshifting


You had 3 spell levels left.
You knew the following spells:

 Your Spells              Type           Power      Damage    Failure   Level
a - Scorch                Fire           54%        2d7       1%          2
b - Airstrike             Air            4%         2d(1-17)  50%         4
c - Freezing Cloud        Conj/Ice/Air   4%         6-21      83%         5

Your spell library contained the following spells:

 Spells                   Type           Power      Damage    Failure   Level
 Shock                    Conj/Air       32%        1d5       6%          1
 Cigotuvi's Dreadful Rot  Necr/Pois/Air  16%        N/A       10%         2
 Ignite Poison            Fire/Tmut/Pois 17%        N/A       12%         3
 Swiftness                Air            8%         N/A       19%         3
 Manifold Assault         Tloc           8%         N/A       50%         4
 Dispersal                Tloc           4%         N/A       100%        6
 Disjunction              Tloc           4%         N/A       100%        8


Dungeon Overview and Level Annotations

Branches:
Dungeon (5/15)
 Temple: D:4-7

Altars:
Fedhas
Zin


Innate Abilities, Weirdness & Mutations

You have very sharp teeth.
Your uncanny sense of smell can sniff out nearby items.
Your experience applies equally to all skills.


Message History

You feel a surge of power!
Flames lash the howler monkey.
The howler monkey is burned terribly!
The howler monkey is heavily wounded.
You slice the howler monkey!!
You kill the howler monkey!
An iguana comes into view.
Your Spellcasting skill increases to level 4!
You see here an inky potion.
C - 3 inky potions (gained 1)
You see here a howler monkey corpse.
Casting: Scorch (safe; 1% risk of failure)
Press: ? - help, Q - select action, (/) - cycle Dir - look around, f - activate Look: an iguana You feel a surge of power!
Flames lash the iguana.
The iguana is heavily wounded.
The iguana's fire resistance burns away.
You closely miss the iguana.
The iguana is heavily wounded.
The iguana bites you. The iguana bites you!
You closely miss the iguana. Your bite misses the iguana.
The iguana is heavily wounded.
The iguana is no longer more vulnerable to fire.
The iguana closely misses you. The iguana bites you.
You barely miss the iguana.
The iguana is heavily wounded.
The iguana bites you. The ogre closely misses you. The iguana bites you!
You puncture the ogre! Your bite misses the ogre.
The ogre is moderately wounded.
The ogre misses you. The iguana closely misses you. The iguana bites you!
The ogre barely misses you.
You closely miss the ogre.
The ogre is moderately wounded.
The iguana barely misses you.
The ogre hits you with a +0 giant spiked club!!
* * * LOW HITPOINT WARNING * * *
The iguana bites you but does no damage.
The ogre closely misses you. The ogre attacks as it pursues you!
The ogre hits you with a +0 giant spiked club!
You die...

#...# .. ....# ######...###
.>.#.#..#.# #.?........#
...#..#...# #..........#
#..##...... #......†...#
#..##...... #..........#
#..# #..#..
#..........####..###..#..
#......Ol...##...#....)..
#.......@..........#...#.
####.................##.#...
...............##...........
.....................#..#..#
................>.........##
..................).........
........................#...
...................♣♣♣..###.
O..................♣# #♣.# .


You could see an ogre and an iguana.

Vanquished Creatures
  Sigmund (D:3)
  A water moccasin (D:4)
  A black bear (D:4)
  A howler monkey (D:5)
  A jelly (D:5)
  A hound (D:3)
  Jessica (D:3)
  3 orc wizards
  4 gnolls (D:4)
  5 adders
  A worm (D:5)
  A dart slug (D:1)
  7 orcs
  4 ball pythons
  4 bats
  7 endoplasms
  5 giant cockroaches
  5 hobgoblins
  3 jackals (D:2)
  2 quokkas
  4 frilled lizards
  6 goblins
  6 kobolds
  8 rats
82 creatures vanquished.

Notes
Turn   | Place    | Note
-------+----------+-------------------------------------------
     0 | D:1      | boiyoioing the Gnoll Cinder Acolyte began the quest for the
                  | Orb.
     0 | D:1      | Reached XP level 1. HP: 23/23 MP: 4/4
   302 | D:1      | Reached XP level 2. HP: 24/29 MP: 5/5
   789 | D:1      | Found a faded altar of an unknown god.
  1474 | D:1      | Upgraded the game from 0.31-a0-702-gf82c85558f to
                  | 0.31-a0-728-g01b46875f1
  1480 | D:2      | Reached XP level 3. HP: 35/35 MP: 7/7
  1519 | D:2      | Reached skill level 1 in Invocations
  1525 | D:2      | Learned a level 2 spell: Scorch
  1859 | D:2      | Reached skill level 1 in Short Blades
  1859 | D:2      | Reached skill level 1 in Long Blades
  1859 | D:2      | Reached skill level 1 in Maces & Flails
  1859 | D:2      | Reached skill level 1 in Polearms
  1859 | D:2      | Reached skill level 1 in Staves
  1859 | D:2      | Reached skill level 1 in Ranged Weapons
  1859 | D:2      | Reached skill level 1 in Throwing
  1859 | D:2      | Reached skill level 1 in Armour
  1859 | D:2      | Reached skill level 1 in Dodging
  1859 | D:2      | Reached skill level 1 in Stealth
  1859 | D:2      | Reached skill level 1 in Shields
  1859 | D:2      | Reached skill level 1 in Unarmed Combat
  1859 | D:2      | Reached skill level 1 in Evocations
  2084 | D:2      | Reached XP level 4. HP: 33/41 MP: 8/8
  2520 | D:2      | Reached skill level 1 in Shapeshifting
  2597 | D:3      | Noticed Sigmund
  2769 | D:3      | Killed Sigmund
  2770 | D:3      | Reached skill level 1 in Conjurations
  2770 | D:3      | Reached skill level 1 in Hexes
  2770 | D:3      | Reached skill level 1 in Summonings
  2770 | D:3      | Reached skill level 1 in Necromancy
  2770 | D:3      | Reached skill level 1 in Translocations
  2770 | D:3      | Reached skill level 1 in Transmutations
  2770 | D:3      | Reached skill level 1 in Ice Magic
  2770 | D:3      | Reached skill level 1 in Air Magic
  2770 | D:3      | Reached skill level 1 in Earth Magic
  2770 | D:3      | Reached skill level 1 in Poison Magic
  2770 | D:3      | Reached XP level 5. HP: 47/47 MP: 4/10
  2770 | D:3      | Reached XP level 6. HP: 53/53 MP: 4/11
  2885 | D:3      | Found a blossoming altar of Fedhas.
  2926 | D:3      | Noticed Jessica
  2940 | D:3      | Killed Jessica
  3683 | D:3      | Upgraded the game from 0.31-a0-728-g01b46875f1 to
                  | 0.31-a0-743-g45f7035092
  3982 | D:4      | Found a glowing silver altar of Zin.
  4237 | D:4      | Learned a level 4 spell: Airstrike
  4243 | D:4      | Learned a level 5 spell: Freezing Cloud
  4399 | D:4      | Noticed a water moccasin
  4404 | D:4      | Killed a water moccasin
  4405 | D:4      | Reached XP level 7. HP: 57/60 MP: 9/12
  4587 | D:4      | Identified the +4 short sword "Pirih" {freeze, Contam rF+
                  | Int+4}
  4920 | D:5      | Entered Level 5 of the Dungeon
  5067 | D:5      | Slain by an ogre

Illustrated notes

Levels and vault maps discovered:
D:1:      lightli_arrival_chessboard, layout_loops_corners,
          chequers_ecumenical_altar_island
D:2:      layout_loops_ring, serial_park_tiny_pond
D:3:      layout_basic, mainiacjoe_overflow_paths, uniq_sigmund, uniq_jessica
D:4:      layout_gridville, amcnicky_altar_gilded
D:5:      layout_rooms, lemuel_temple_firewalk_a, minmay_stone_trees_small,
          guppyfry_shop_venom

Skill      XL: |  1  2  3  4  5  6  7 |
---------------+----------------------+-----
Invocations    | 1 2 3 |  3.0
Short Blades   | 1 2 |  2.7
Long Blades    | 1 2 |  2.7
Maces & Flails | 1 2 |  2.7
Polearms       | 1 2 |  2.7
Staves         | 1 2 |  2.7
Ranged Weapons | 1 2 |  2.7
Throwing       | 1 2 |  2.7
Armour         | 1 2 |  2.7
Dodging        | 1 2 |  2.7
Stealth        | 1 2 |  2.7
Shields        | 1 2 |  2.7
Unarmed Combat | 1 2 |  2.7
Evocations     | 1 2 |  2.7
Shapeshifting  | 1 2 |  2.4
Spellcasting   | 3 4 |  4.0
Conjurations   | 1 2 |  2.2
Hexes          | 1 2 |  2.2
Summonings     | 1 2 |  2.2
Necromancy     | 1 2 |  2.2
Translocations | 1 2 |  2.2
Transmutations | 1 2 |  2.2
Ice Magic      | 1 2 |  2.2
Air Magic      | 1 2 |  2.2
Earth Magic    | 1 2 |  2.2
Poison Magic   | 1 2 |  2.2
Fighting       | 7 |  7.1
Axes           | 7 |  7.1
Fire Magic     | |  5.9

Action                     |  1- 3 |  4- 6 |  7- 9 || total
---------------------------+-------+-------+-------++-------
  Melee: Hand axe          |    55 |       |       ||    55
         Bite              |    11 |     7 |     1 ||    19
         Punch             |     2 |     1 |       ||     3
         Staff             |    60 |    76 |       ||   136
         Falchion          |     8 |       |       ||     8
         Halberd           |       |     7 |    15 ||    22
   Cast: Scorch            |       |    31 |    14 ||    45
    Use: Scroll            |     1 |     2 |     2 ||     5
 Armour: Robe              |    10 |       |       ||    10
         Chain mail        |    67 |       |       ||    67
         Ring mail         |    10 |    84 |    17 ||   111
  Dodge: Dodged            |    68 |    54 |    13 ||   135
         Repelled          |       |       |     1 ||     1

Table legend: (Time is in decaauts)
 A = Elapsed time spent in this place.
 B = Non-inter-level travel time spent in this place.
 C = Inter-level travel time spent in this place.
 D = Time resting spent in this place.
 E = Time spent auto-exploring this place.
 F = Levels seen in this place.
 G = Mean time per level.
                   A        B        C        D        E       F      G
               +--------+--------+--------+--------+--------+-----+--------+
         Total |   5107 |   1527 |   3580 |    273 |     57 |   5 | 1021.4 |
       Dungeon |   5107 |   1527 |   3580 |    273 |     57 |   5 | 1021.4 |
               +--------+--------+--------+--------+--------+-----+--------+

Top non-repeatable levels by time:
     D:1: 1478 daAuts
     D:4: 1232 daAuts
     D:3: 1136 daAuts
     D:2: 1103 daAuts
     D:5: 157 daAuts
